 Dungeon Crawl Stone Soup version 0.18-a0-1745-gffa9a88 (webtiles) character file.

30 dohliylev the Skirmisher (level 3, -3/33 HPs)
             Began as a Minotaur Berserker on Apr 11, 2016.
             Was a Follower of Trog.
             Slain by an orc warrior
             ... wielding a +0 short sword
              (16 damage)
             ... on level 4 of the Dungeon.
             The game lasted 00:04:38 (981 turns).

dohliylev the Skirmisher (Minotaur Berserker)        Turns: 981, Time: 00:04:38

Health: -3/33      AC:  2    Str: 26    XL:     3   Next: 3%
Magic:  2/2        EV: 12    Int:  4    God:    Trog [*.....]
Gold:   112        SH:  0    Dex:  9    Spells: 0 memorised, 2 levels left

rFire  . . .     SeeInvis .     a - +0 hand axe
rCold  . . .     Gourm    .     b - +0 animal skin
rNeg   . . .     Faith    +     (no shield)
rPois  .         Spirit   .     (helmet restricted)
rElec  .         Dismiss  .     (no cloak)
rCorr  .         Reflect  .     (no gloves)
SustAt .         Harm     .     (no boots)
MR     .....                    q - amulet of faith
Stlth  +.........               (no ring)
                                g - +4 ring of strength

@: exhausted, slowed, very slow, not resistant to hostile enchantments, very
unstealthy
A: retaliatory headbutt, horns 2
a: Berserk, Burn Spellbooks, Renounce Religion


You were on level 4 of the Dungeon.
You worshipped Trog.
Trog was aware of your devotion.
You were not hungry.

You visited 1 branch of the dungeon, and saw 3 of its levels.

You collected 112 gold pieces.

Inventory:

Hand Weapons
 a - a +0 hand axe (weapon)
Armour
 b - a +0 animal skin (worn)
 m - a +0 ring mail
Jewellery
 g - a +4 ring of strength (left hand)
 q - an amulet of faith (around neck)
Scrolls
 d - a scroll of teleportation {unknown}
 h - a scroll of amnesia {unknown}
 i - a scroll of identify {unknown}
 l - a scroll of remove curse {unknown}
Potions
 e - a potion of degeneration {unknown}
 j - a potion of heal wounds {unknown}
 n - a potion of magic {unknown}
 o - a potion of lignification {unknown}
 p - a potion of mutation {unknown}
Comestibles
 c - 4 bread rations
 f - a meat ration
 k - 10 chunks of flesh


   Skills:
 + Level 4.2 Fighting
 + Level 4.1 Axes
 + Level 2.8 Armour
 + Level 2.5 Dodging


You had 2 spell levels left.
You didn't know any spells.

Dungeon Overview and Level Annotations

Branches:
Dungeon (2/15)

Altars:
The Shining One


Innate Abilities, Weirdness & Mutations

You reflexively headbutt those who attack you in melee.
You have a pair of horns on your head.


Message History

Eat one of 11 chunks of flesh? (ye/n/q/i?) This raw flesh tastes terrible.
You continue eating. x2
An orc warrior and an orc wizard come into view.
The orc warrior shouts!
The orc wizard picks up a bubbling grey potion.
An orc comes into view. It is wielding a short sword.
A jackal comes into view.
Found a scroll labeled KOHASS TATEIW, a glowing rapier and 19 stones.
The orc warrior closely misses you.
You're too exhausted to go berserk.
The orc wizard shouts!
You hit the orc warrior but do no damage.
The orc warrior hits you with a short sword!!
Ouch! That really hurt!
The orc wizard mumbles some strange words.
The orc wizard flickers and vanishes!
Deactivating autopickup; reactivate with Ctrl-A.
The orc warrior hits you with a short sword!
You die...

#..........#
#..........#
#..........#
#.........(#
#......)...#
#.........?#
#######.##########
.......h.........#
#######@########.#
#o# #.# #.# #.#
#.# #.# #.# #.#
#.# #.# {.# #)#
o## #.# #[#


You could see an orc warrior, an orc (wandering) and a jackal.

Vanquished Creatures
  4 orcs (D:4)
  3 bats
  2 giant cockroaches (D:1)
  2 goblins (D:1)
  4 hobgoblins (D:1)
  4 kobolds
  A ball python (D:1)
  2 rats (D:1)
22 creatures vanquished.

Notes
Turn   | Place    | Note
--------------------------------------------------------------
     0 | D:1      | dohliylev the Minotaur Berserker began the quest for the Orb.
     0 | D:1      | Reached XP level 1. HP: 19/19 MP: 0/0
   172 | D:1      | Reached XP level 2. HP: 24/27 MP: 1/1
   589 | D:1      | Found a glowing golden altar of the Shining One.
   944 | D:2      | You fall through a shaft for 2 floors!
   952 | D:4      | Reached XP level 3. HP: 33/33 MP: 2/2
   977 | D:4      | Noticed an orc warrior
   981 | D:4      | Slain by an orc warrior

Vault maps used:
D:1:      dpeg_arrival_rooms_c, hangedman_abyss_or_decor_lesser_grid,
          columned_hall_lemuel, tso_metal_star
D:2:      grunt_gozag_breadcrumbs, fedhas_altar_2
D:4:      minmay_temple_entry_glassed_door, first_bread, uniq_eustachio

Skill      XL: |  1  2 |
---------------+-------+-----
Fighting       | 4 |  4.2
Axes           | 4 |  4.1
Armour         | |  2.8
Dodging        | |  2.5

Action                   || total
-------------------------++-------
Melee: Hand axe          ||    38
Invok: Berserk           ||     1
  Eat: Chunk             ||     1
